 Dungeon Crawl Stone Soup version 0.14-a0-1546-g4b4961f (webtiles) character file.

1420 Mitsuki the Archer (level 8, -1/59 HPs)
             Began as a Centaur Hunter on Dec 18, 2013.
             Was a Follower of Okawaru.
             Slain by an orc warrior
             ... wielding a -1,+0 orcish dire flail
              (19 damage)
             ... on Level 6 of the Dungeon.
             The game lasted 00:47:56 (6269 turns).

Mitsuki the Archer (Centaur Hunter)                 Turns: 6269, Time: 00:47:57

HP  -1/59        AC  9     Str 14      XL: 8   Next: 31%
MP   4/6         EV 11     Int 15      God: Okawaru [*.....]
Gold 118         SH  0     Dex 15      Spells:  0 memorised,  7 levels left

rFire  . . .     SeeInvis .     a - +1,+2 bow
rCold  + . .     Clarity  .     s - +2 elf ring mail {rC+}
rNeg   . . .     Conserve .     (no shield)
rPois  .         rCorr    .     (no helmet)
rElec  .         rRot     .     (no cloak)
SustAb . .       Spirit   .     (no gloves)
rMut   .         Warding  .     (no barding)
Saprov . . .     Stasis   .     (no amulet)
                                x - ring of the Hundredfold Moons {Dex+2 Int+5}
                                l - ring of regeneration

@: heroism, very quick, slightly resistant to hostile enchantments, unstealthy
A: hooves 3, deformed body, herbivore 1, speed 2, fast metabolism 1, tough skin
3
a: Heroism, Renounce Religion


You were on level 6 of the Dungeon.
You worshipped Okawaru.
Okawaru was aware of your devotion.
You were not hungry.

You visited 2 branches of the dungeon, and saw 8 of its levels.

You collected 118 gold pieces.

Inventory:

Hand weapons
 a - a +1,+2 bow (weapon)
 b - a +0,+0 halberd
Missiles
 c - 28 arrows (quivered)
Armour
 e - a +0 plate armour
 o - the +0 robe of the Manifold Suns {rF+ Str+1}
   (You found it on level 5 of the Dungeon)

   It affects your strength (+1).
   It protects you from fire.
 s - a +2 elven ring mail of cold resistance (worn)
Magical devices
 u - a wand of draining (2)
 v - a wand of slowing (8)
Comestibles
 f - 4 bread rations
Scrolls
 d - 5 scrolls of teleportation
 i - 3 scrolls of enchant weapon II
 m - 3 scrolls of magic mapping
 r - a scroll of remove curse {unknown}
 t - 2 scrolls of blinking
 y - a scroll of enchant armour {unknown}
Jewellery
 h - an uncursed ring of wizardry {unknown}
 j - an uncursed ring of see invisible {unknown}
 k - a +4 ring of dexterity {unknown}
 l - a ring of regeneration (left hand)
 x - the ring of the Hundredfold Moons (right hand) {Dex+2 Int+5}
   (You found it on level 7 of the Dungeon)

   [ring of dexterity]

   It affects your dexterity (+2).
   It affects your intelligence (+5).
Potions
 g - a potion of agility {unknown}
 p - a potion of restore abilities
 w - a potion of resistance {unknown}
Books
 n - a book of Wizardry

   Spells                             Type                      Level
   Summon Elemental                   Summoning                    4
   Agony                              Necromancy                   5
   Force Lance                        Conjuration                  5
   Fireball                           Conjuration/Fire             5
   Haste                              Charms                       6
   Invisibility                       Hexes                        6
 q - a book of the Warp

   Spells                             Type                      Level
   Recall                             Summoning/Translocation      3
   Control Teleport                   Charms/Translocation         4
   Phase Shift                        Translocation                5
   Warp Weapon                        Charms/Translocation         5
   Dispersal                          Translocation                6
   Controlled Blink                   Translocation                7
   Disjunction                        Translocation                8
Magical staves
 z - an uncursed staff of fire


   Skills:
 - Level 1.0(6.0) Fighting
 - Level 0.1(5.1) Polearms
 + Level 12.2(17.2) Bows
 + Level 3.6(8.6) Armour
 - Level 1.3(6.3) Dodging
 - Level 0.6(5.6) Stealth


You had 7 spell levels left.
You didn't know any spells.

Dungeon Overview and Level Annotations

Branches:
Dungeon (7/16)             Temple (1/1) D:6

Altars:
Ashenzari
Cheibriados
Elyvilon
Fedhas
Kikubaaqudgha
Makhleb
Nemelex Xobeh
Okawaru
Sif Muna
Trog
Vehumet
Xom
Yredelemnul
Zin
the Shining One


Innate Abilities, Weirdness & Mutations

You have hooves in place of feet.
Armour fits poorly on your strangely shaped body.
You digest meat inefficiently.
You cover ground very quickly.
You have a fast metabolism.
You have extremely tough skin (AC +3).


Message History

You climb downwards.
The orc warrior shouts!
The orc warrior hits you with an orcish dire flail!
There is a stone staircase leading up here.
The orc warrior hits you with an orcish dire flail.
You climb upwards.
There is a stone staircase leading down here.
That item cannot be evoked!
Firing (i - inventory):
c - 29 arrows (quivered)
Press: ? - help, Shift-Dir - straight line, f - orc warrior
Aim: an orc warrior, wielding an orcish dire flail and wearing an orcish plate armour You shoot an arrow.
The arrow hits the orc warrior.
The orc warrior is lightly wounded.
The orc hits you with an orcish flail.
The orc warrior hits you with an orcish dire flail!
Use which ability? (? or * to list)
You gain the combat prowess of a mighty hero.
You feel slightly more hungry. The orc hits you but does no damage.
The orc warrior hits you with an orcish dire flail!
You die...

..# #%# #...# ..#
#.# #...# ..# #.#
#...# ..# #.#
##.## ..# #.# #.#
..# #.# #.# ..#
#.# #.# ### #.#
#o# #.# #@# #.#
#o# #.# #.# #.#
#.# ######.######
#.# ............#
#.#
######.#.##.####.#
#.#.#....##.#
#.#.#....##.#


You could see an orc warrior and an orc.

Vanquished Creatures
  A necrophage (D:5)
  2 ogres
  A sky beast (D:7)
  A giant frog (D:6)
  A wight (D:7)
  A goliath beetle (D:6)
  A giant frog zombie (D:5)
  6 crimson imps
  3 worker ants
  A giant frog skeleton (D:4)
  3 iguanas
  An orc priest (D:6)
  4 orc wizards
  Ijyb (D:2)
  5 adders
  A worm zombie (D:7)
  2 giant mites
  An iguana skeleton (D:5)
  A giant eyeball (D:4)
  2 giant geckos (D:3)
  An ooze (D:3)
  18 orcs
  8 bats
  A bat skeleton (D:6)
  3 giant cockroaches
  15 hobgoblins
  12 jackals
  12 kobolds
  2 quokkas
  2 ball pythons
  2 giant newts (D:1)
  10 goblins
  12 rats
  3 rat skeletons
140 creatures vanquished.

Notes
Turn   | Place    | Note
--------------------------------------------------------------
     0 | D:1      | Mitsuki, the Centaur Hunter, began the quest for the Orb.
     0 | D:1      | Reached XP level 1. HP: 16/16 MP: 1/1
   171 | D:1      | Reached XP level 2. HP: 23/23 MP: 2/2
   229 | D:1      | Reached skill level 6 in Bows
   665 | D:2      | Noticed Ijyb
   694 | D:2      | Killed Ijyb
   694 | D:2      | Reached XP level 3. HP: 28/28 MP: 3/3
   788 | D:2      | Reached skill level 7 in Bows
  1184 | D:2      | Reached XP level 4. HP: 35/35 MP: 3/3
  1627 | D:3      | Reached skill level 8 in Bows
  1852 | D:3      | Reached XP level 5. HP: 40/40 MP: 4/4
  2035 | D:3      | Found a deep blue altar of Sif Muna.
  2468 | D:4      | Reached skill level 9 in Bows
  2546 | D:4      | Noticed an ogre
  2551 | D:4      | Killed an ogre
  2551 | D:4      | Reached XP level 6. HP: 47/47 MP: 5/5
  3051 | D:5      | Entered Level 5 of the Dungeon
  3099 | D:5      | Reached skill level 10 in Bows
  3127 | D:5      | Got a silk robe
  3214 | D:5      | Noticed a necrophage
  3254 | D:5      | Killed a necrophage
  3254 | D:5      | Reached skill level 1 in Armour
  3254 | D:5      | Reached XP level 7. HP: 52/52 MP: 5/5
  3318 | D:5      | Identified the +0 robe of the Manifold Suns {rF+ Str+1} (You found it on level 5 of the Dungeon)
  3984 | D:4      | Reached skill level 11 in Bows
  4412 | D:5      | Found a shattered altar of Ashenzari.
  4553 | D:6      | Found a staircase to the Ecumenical Temple.
  4560 | Temple   | Entered the Ecumenical Temple
  4735 | Temple   | Became a worshipper of Warmaster Okawaru
  5434 | D:6      | Reached XP level 8. HP: 59/59 MP: 6/6
  5788 | D:7      | Acquired Okawaru's first power
  5839 | D:6      | Reached skill level 12 in Bows
  6138 | D:7      | Got a sparkling lead ring
  6269 | D:6      | Slain by an orc warrior

Action                   |  1- 3 |  4- 6 |  7- 9 || total
-------------------------+-------+-------+-------++-------
Melee: Halberd           |       |       |   148 ||   148
       Bow               |       |       |     1 ||     1
 Fire: Bow               |    83 |   134 |    95 ||   312
Invok: Heroism           |       |       |     2 ||     2
Evoke: Wand              |       |       |     2 ||     2
  Use: Scroll            |     6 |     5 |     1 ||    12
       Potion            |     4 |     2 |     1 ||     7
